TOP OF THE 1ST |
Montgomery Grey Sox batting - Pitching for Beaverton Bronze Souls : RHP Héctor Montoya
|
Pitching: RHP Héctor Montoya
|
|
Batting: LHB Mathew Clayton
|
0-0: Fly out, F7 (Flyball, 7LS)
|
Batting: LHB Amlak Saitoti
|
0-0: Ball 1-0: Fly out, F3 (Line Drive, 3)
|
Batting: LHB Robinson López
|
0-0: Ball 1-0: Foul Ball, location: 2F 1-1: SINGLE (Flyball, 78S)
|
Batting: LHB José Castillo
|
0-0: Foul Ball, location: 2F 0-1: Ground out 3-1 (Groundball, 34S)
|
Top of the 1st over - 0 run(s), 1 hit(s), 0 error(s), 1 left on base; Montgomery 0 - Beaverton 0 |
BOTTOM OF THE 1ST |
Beaverton Bronze Souls batting - Pitching for Montgomery Grey Sox : RHP Cody Nichols
|
Pitching: RHP Cody Nichols
|
|
Batting: RHB Pedro Rivera
|
0-0: SINGLE (Line Drive, 89S)
|
Batting: LHB Gabriel Aguilera
|
0-0: Called Strike 0-1: Foul Ball, location: 2F 0-2: Foul Ball, location: 2F 0-2: Ball 1-2: Ball Pedro Rivera steals 2nd base 2-2: Foul Ball, location: 2F 2-2: SINGLE (Groundball, 6M) (infield hit) Pedro Rivera to third
|
Batting: RHB José Dávila
|
0-0: Called Strike 0-1: Ball 1-1: Foul Ball, location: 2F 1-2: Hit by Pitch Gabriel Aguilera to second
|
Batting: RHB Michael Fisher
|
0-0: Fly out, F8 (Line Drive, 8LM) Runner from 3rd tags up, SCORES, no throw
|
Batting: RHB Vincente López
|
0-0: Ball 1-0: Called Strike 1-1: Ball 2-1: Foul Ball, location: 2F 2-2: Ball 3-2: Foul Ball, location: 2F 3-2: Grounds into double play, 6-4-3 (Groundball, 6)
|
Bottom of the 1st over - 1 run(s), 2 hit(s), 0 error(s), 1 left on base; Montgomery 0 - Beaverton 1 |
TOP OF THE 2ND |
Montgomery Grey Sox batting - Pitching for Beaverton Bronze Souls : RHP Héctor Montoya
|
Batting: RHB Andrés Jiménez
|
0-0: Ball 1-0: Ball 2-0: Called Strike 2-1: Fly out, F9 (Flyball, 9LS)
|
Batting: RHB António Nevárez
|
0-0: Ball 1-0: Ground out 6-3 (Groundball, 6)
|
Batting: RHB Alejandro Dalumba
|
0-0: Called Strike 0-1: Called Strike 0-2: Foul Ball, location: 2F 0-2: Ball 1-2: Ball 2-2: Foul Ball, location: 2F 2-2: Strikes out swinging
|
Top of the 2nd over - 0 run(s), 0 hit(s), 0 error(s), 0 left on base; Montgomery 0 - Beaverton 1 |
BOTTOM OF THE 2ND |
Beaverton Bronze Souls batting - Pitching for Montgomery Grey Sox : RHP Cody Nichols
|
Batting: LHB Clinton O'Brien
|
0-0: Called Strike 0-1: Ball 1-1: Ground out 6-3 (Groundball, 6S)
|
Batting: LHB Cade Brown
|
0-0: Called Strike 0-1: Called Strike 0-2: Foul Ball, location: 2F 0-2: Foul Ball, location: 2F 0-2: Strikes out looking
|
Batting: RHB Ed Nygaard
|
0-0: Ground out 1-3 (Groundball, 13S)
|
Bottom of the 2nd over - 0 run(s), 0 hit(s), 0 error(s), 0 left on base; Montgomery 0 - Beaverton 1 |
TOP OF THE 3RD |
Montgomery Grey Sox batting - Pitching for Beaverton Bronze Souls : RHP Héctor Montoya
|
Batting: RHB Ron Davis
|
0-0: Swinging Strike 0-1: Called Strike 0-2: Strikes out swinging
|
Batting: LHB Marcos Féliz
|
0-0: Foul Ball, location: 2F 0-1: Ball 1-1: Ball 2-1: Ball 3-1: Fly out, F6 (Popup, 56D)
|
Batting: LHB Mathew Clayton
|
0-0: Fly out, F6 (Line Drive, 56D)
|
Top of the 3rd over - 0 run(s), 0 hit(s), 0 error(s), 0 left on base; Montgomery 0 - Beaverton 1 |
BOTTOM OF THE 3RD |
Beaverton Bronze Souls batting - Pitching for Montgomery Grey Sox : RHP Cody Nichols
|
Batting: LHB Arlen Powers
|
0-0: Called Strike 0-1: Swinging Strike 0-2: Strikes out looking
|
Batting: RHB Pedro Rivera
|
0-0: Ball 1-0: Foul Ball, location: 2F 1-1: Ball 2-1: Fly out, F4 (Line Drive, 4MD)
|
Batting: LHB Gabriel Aguilera
|
0-0: Fly out, F8 (Flyball, 8LS)
|
Bottom of the 3rd over - 0 run(s), 0 hit(s), 0 error(s), 0 left on base; Montgomery 0 - Beaverton 1 |
TOP OF THE 4TH |
Montgomery Grey Sox batting - Pitching for Beaverton Bronze Souls : RHP Héctor Montoya
|
Batting: LHB Amlak Saitoti
|
0-0: Ball 1-0: Called Strike 1-1: Ball 2-1: Ball 3-1: Foul Ball, location: 2F 3-2: Ground out 4-3 (Groundball, 4)
|
Batting: LHB Robinson López
|
0-0: Ball 1-0: Fly out, F7 (Flyball, 78XD)
|
Batting: LHB José Castillo
|
0-0: Swinging Strike 0-1: Ball 1-1: Called Strike 1-2: Strikes out looking
|
Top of the 4th over - 0 run(s), 0 hit(s), 0 error(s), 0 left on base; Montgomery 0 - Beaverton 1 |
BOTTOM OF THE 4TH |
Beaverton Bronze Souls batting - Pitching for Montgomery Grey Sox : RHP Cody Nichols
|
Batting: RHB José Dávila
|
0-0: Ball 1-0: Foul Ball, location: 2F 1-1: Ball 2-1: Foul Ball, location: 2F 2-2: Ball 3-2: Base on Balls
|
Batting: RHB Michael Fisher
|
0-0: Ball 1-0: Single, Error in OF, E8, batter to second base José Dávila to third
|
Batting: RHB Vincente López
|
0-0: Ball 1-0: Ball 2-0: Foul Ball, location: 2F 2-1: Ball 3-1: Fly out, F7 (Flyball, 7S)
|
Batting: LHB Clinton O'Brien
|
0-0: Swinging Strike 0-1: Called Strike 0-2: Foul Ball, location: 2F 0-2: Foul Ball, location: 2F 0-2: Strikes out swinging
|
Batting: LHB Cade Brown
|
0-0: Called Strike 0-1: Swinging Strike 0-2: Ball 1-2: Foul Ball, location: 2F 1-2: Ball 2-2: Strikes out swinging
|
Bottom of the 4th over - 0 run(s), 1 hit(s), 1 error(s), 2 left on base; Montgomery 0 - Beaverton 1 |
TOP OF THE 5TH |
Montgomery Grey Sox batting - Pitching for Beaverton Bronze Souls : RHP Héctor Montoya
|
Batting: RHB Andrés Jiménez
|
0-0: Foul Ball, location: 2F 0-1: Ball 1-1: Foul Ball, location: 2F 1-2: Hit by Pitch
|
Batting: RHB António Nevárez
|
0-0: Ground out 4-3 (Groundball, 4MS) Andrés Jiménez to second
|
Batting: RHB Alejandro Dalumba
|
0-0: Called Strike 0-1: Fly out, F8 (Line Drive, 8LD) Runner from 2nd tags up, SAFE at 3rd, no throw
|
Batting: RHB Ron Davis
|
0-0: Ball 1-0: Swinging Strike 1-1: SINGLE (Groundball, 6MD) Andrés Jiménez scores
|
Batting: LHB Marcos Féliz
|
0-0: Called Strike 0-1: Foul Ball, location: 2F 0-2: Strikes out swinging
|
Top of the 5th over - 1 run(s), 1 hit(s), 0 error(s), 1 left on base; Montgomery 1 - Beaverton 1 |
BOTTOM OF THE 5TH |
Beaverton Bronze Souls batting - Pitching for Montgomery Grey Sox : RHP Cody Nichols
|
Batting: RHB Ed Nygaard
|
0-0: Ball 1-0: Called Strike 1-1: Ball 2-1: Ground out 5-3 (Groundball, 56S)
|
Batting: LHB Arlen Powers
|
0-0: Ball 1-0: SINGLE (Line Drive, 7LS)
|
Batting: RHB Pedro Rivera
|
0-0: Ball 1-0: Called Strike 1-1: Grounds into double play, 6-4-3 (Groundball, 6)
|
Bottom of the 5th over - 0 run(s), 1 hit(s), 0 error(s), 0 left on base; Montgomery 1 - Beaverton 1 |
TOP OF THE 6TH |
Montgomery Grey Sox batting - Pitching for Beaverton Bronze Souls : RHP Héctor Montoya
|
Batting: LHB Mathew Clayton
|
0-0: Ball 1-0: Ball 2-0: Called Strike 2-1: Ball 3-1: Foul Ball, location: 2F 3-2: Foul Ball, location: 2F 3-2: Base on Balls
|
Batting: LHB Amlak Saitoti
|
0-0: Ball 1-0: Ball 2-0: Ball 3-0: Called Strike 3-1: Swinging Strike 3-2: Base on Balls Mathew Clayton to second
|
Batting: LHB Robinson López
|
0-0: Called Strike 0-1: Ball 1-1: Swinging Strike 1-2: Ball 2-2: SINGLE (Groundball, 4D) Mathew Clayton to third Amlak Saitoti to second
|
Batting: LHB José Castillo
|
0-0: Hit by Pitch Mathew Clayton scores Amlak Saitoti to third Robinson López to second
|
Batting: RHB Andrés Jiménez
|
0-0: Ball 1-0: Ball 2-0: GRAND SLAM HOME RUN (Flyball, 7D), Distance : 360 ft
|
Pitching: RHP Marcos Reyes
|
|
Batting: RHB António Nevárez
|
0-0: Foul Ball, location: 2F 0-1: Ball 1-1: Ball 2-1: Swinging Strike 2-2: Strikes out looking
|
Batting: RHB Alejandro Dalumba
|
0-0: Ball 1-0: Ball 2-0: Fly out, F7 (Flyball, 7S)
|
Batting: RHB Ron Davis
|
0-0: Ball 1-0: Fly out, F9 (Flyball, 89M)
|
Top of the 6th over - 5 run(s), 2 hit(s), 0 error(s), 0 left on base; Montgomery 6 - Beaverton 1 |
BOTTOM OF THE 6TH |
Beaverton Bronze Souls batting - Pitching for Montgomery Grey Sox : RHP Cody Nichols
|
Batting: LHB Gabriel Aguilera
|
0-0: Called Strike 0-1: Ball 1-1: Fly out, F9 (Flyball, 9)
|
Batting: RHB José Dávila
|
0-0: Ball 1-0: Ball 2-0: Foul Ball, location: 2F 2-1: Swinging Strike 2-2: Foul Ball, location: 2F 2-2: Foul Ball, location: 2F 2-2: SINGLE (Groundball, 4MD)
|
Batting: RHB Michael Fisher
|
0-0: Ball 1-0: Foul Ball, location: 2F 1-1: Ball 2-1: Fly out, F8 (Flyball, 8RS)
|
Batting: RHB Vincente López
|
0-0: Ball 1-0: Fly out, F9 (Flyball, 9LS)
|
Bottom of the 6th over - 0 run(s), 1 hit(s), 0 error(s), 1 left on base; Montgomery 6 - Beaverton 1 |
TOP OF THE 7TH |
Montgomery Grey Sox batting - Pitching for Beaverton Bronze Souls : RHP Marcos Reyes
|
Batting: LHB Marcos Féliz
|
0-0: Foul Ball, location: 2F 0-1: Ball 1-1: Ball 2-1: Ball 3-1: Base on Balls
|
Batting: LHB Mathew Clayton
|
0-0: Called Strike 0-1: Ball 1-1: Ball 2-1: Fly out, F4 (Popup, 4D)
|
Batting: LHB Amlak Saitoti
|
0-0: Called Strike 0-1: Grounds into double play, 6-4-3 (Groundball, 6)
|
Top of the 7th over - 0 run(s), 0 hit(s), 0 error(s), 0 left on base; Montgomery 6 - Beaverton 1 |
BOTTOM OF THE 7TH |
Beaverton Bronze Souls batting - Pitching for Montgomery Grey Sox : RHP Cody Nichols
|
Pitching: RHP Vicente Vásquez
|
|
Batting: LHB Clinton O'Brien
|
0-0: Fly out, F7 (Flyball, 7S)
|
Batting: LHB Cade Brown
|
0-0: Swinging Strike 0-1: Ball 1-1: Ball 2-1: Fly out, F9 (Flyball, 9S)
|
Batting: RHB Ed Nygaard
|
0-0: Ball 1-0: Ball 2-0: Ball 3-0: Base on Balls
|
Batting: LHB Arlen Powers
|
0-0: Ball 1-0: SINGLE (Groundball, 6MD) Ed Nygaard to second
|
Batting: RHB Pedro Rivera
|
0-0: Foul Ball, location: 2F 0-1: Ball 1-1: Foul Ball, location: 2F 1-2: Foul Ball, location: 2F 1-2: Foul Ball, location: 2F 1-2: Ball 2-2: Strikes out swinging
|
Bottom of the 7th over - 0 run(s), 1 hit(s), 0 error(s), 2 left on base; Montgomery 6 - Beaverton 1 |
TOP OF THE 8TH |
Montgomery Grey Sox batting - Pitching for Beaverton Bronze Souls : RHP Marcos Reyes
|
Batting: LHB Robinson López
|
0-0: Called Strike 0-1: SINGLE (Line Drive, 78S)
|
Batting: LHB José Castillo
|
0-0: Called Strike 0-1: Swinging Strike 0-2: Ball 1-2: Ball 2-2: Foul Ball, location: 2F 2-2: Foul Ball, location: 2F 2-2: Strikes out swinging
|
Batting: RHB Andrés Jiménez
|
0-0: Called Strike 0-1: Ball 1-1: Called Strike 1-2: Grounds into double play, 5-4-3 (Groundball, 56)
|
Top of the 8th over - 0 run(s), 1 hit(s), 0 error(s), 0 left on base; Montgomery 6 - Beaverton 1 |
BOTTOM OF THE 8TH |
Beaverton Bronze Souls batting - Pitching for Montgomery Grey Sox : RHP Vicente Vásquez
|
Batting: LHB Gabriel Aguilera
|
0-0: Foul Ball, location: 2F 0-1: Ball 1-1: Foul Ball, location: 2F 1-2: Ball 2-2: Foul Ball, location: 2F 2-2: SINGLE (Groundball, 4MD)
|
Batting: RHB José Dávila
|
0-0: SINGLE (Groundball, 4M) (infield hit) Gabriel Aguilera to second
|
Batting: RHB Michael Fisher
|
0-0: Ball 1-0: Ball 2-0: Ball 3-0: Called Strike 3-1: Reached on error, E8 (Line Drive, 8RM) Gabriel Aguilera scores José Dávila to third
|
Pitching: RHP Jorge Cherena
|
|
Batting: RHB Vincente López
|
0-0: Ball 1-0: Fly out, F8 (Flyball, 89M) Runner from 3rd tags up, SCORES, no throw
|
Pitching: LHP Pedro Santos
|
|
Batting: LHB Clinton O'Brien
|
0-0: Ball 1-0: Foul Ball, location: 2F 1-1: Ball 2-1: SINGLE (Groundball, 5D) Michael Fisher to third Runner from 3rd tries for Home, SAFE, no throw
|
Pitching: LHP Zak Smith
|
|
Batting: LHB Cade Brown
|
0-0: Ground out U3 (Groundball, 3S) Clinton O'Brien to second
|
Batting: RHB Ed Nygaard
|
0-0: Ground out 6-3 (Groundball, 56)
|
Bottom of the 8th over - 3 run(s), 3 hit(s), 1 error(s), 1 left on base; Montgomery 6 - Beaverton 4 |
TOP OF THE 9TH |
Montgomery Grey Sox batting - Pitching for Beaverton Bronze Souls : RHP Marcos Reyes
|
Batting: RHB António Nevárez
|
0-0: Called Strike 0-1: Ball 1-1: Called Strike 1-2: Foul Ball, location: 2F 1-2: SINGLE (Groundball, 6MD)
|
Batting: RHB Alejandro Dalumba
|
0-0: Called Strike 0-1: Sac Bunt - play at first, batter OUT! 1-3 António Nevárez to second
|
Batting: RHB Ron Davis
|
0-0: Called Strike 0-1: Ball 1-1: Called Strike 1-2: Ball 2-2: Ground out 1-3 (Groundball, 15S)
|
Batting: LHB Marcos Féliz
|
0-0: Called Strike 0-1: Ball 1-1: Foul Ball, location: 2F 1-2: Strikes out looking
|
Top of the 9th over - 0 run(s), 1 hit(s), 0 error(s), 1 left on base; Montgomery 6 - Beaverton 4 |
BOTTOM OF THE 9TH |
Beaverton Bronze Souls batting - Pitching for Montgomery Grey Sox : LHP Zak Smith
|
Pitching: RHP Alan Foster
|
|
Batting: LHB Arlen Powers
|
0-0: Fly out, F1 (Line Drive, 13)
|
Batting: RHB Pedro Rivera
|
0-0: Ball 1-0: Foul Ball, location: 2F 1-1: Ball 2-1: Called Strike 2-2: Foul Ball, location: 2F 2-2: Ball 3-2: Strikes out swinging
|
Batting: LHB Gabriel Aguilera
|
0-0: Ground out 6-3 (Groundball, 6)
|
Bottom of the 9th over - 0 run(s), 0 hit(s), 0 error(s), 0 left on base; Montgomery 6 - Beaverton 4 |
|